Map: [ESL] Cosmic Sapphire

Players

Astrea - Winner!

  • Race: Protoss Protoss
  • Spawn Location: 5:00

MeomaikA

  • Race: Zerg Zerg
  • Spawn Location: 11:00

Event: DreamHack SC2 Masters 2022 Valencia

VOD

Have the link to the VOD?

Description

Time

  • Played on: July 2, 2022, 5:38 a.m.
  • Length: 12:48

All games in this series

Show
View Real Time Build Order
Export as new Build Order

Astrea Protoss - Winner!

Build Orders: 1 Gate Expand, Oracle Opening 

Get SALT Encoding   

  12  0:00  Probe  
  13  0:12  Probe  
  14  0:18  Pylon  
  14  0:24  Probe (Chrono Boost)  
  15  0:36  Probe (Chrono Boost)  
  15  0:39  Gateway  
  16  0:45  Probe (Chrono Boost)  
  16  0:46  Assimilator  
  17  0:51  Probe  
  18  1:03  Probe  
  19  1:15  Probe  
  20  1:23  Nexus  
  20  1:27  Probe  
  21  1:35  Cybernetics Core  
  21  1:41  Assimilator  
  21  1:43  Probe  
  22  1:50  Pylon  
  22  1:55  Probe  
  22  2:01  Adept  
  23  2:08  Probe (Chrono Boost)  
  26  2:18  Probe (Chrono Boost)  
  26  2:21  Pylon  
  27  2:22  Stargate  
  27  2:23  Probe (Chrono Boost)  
  27  2:29  Warp Gate  
  28  2:35  Probe  
  29  2:38  Probe  
  29  2:39  Pylon  
  29  2:42  Adept  
  32  2:48  Probe (Chrono Boost)  
  32  2:50  Probe (Chrono Boost)  
  34  3:03  Probe (Chrono Boost)  
  36  3:05  Probe (Chrono Boost)  
  36  3:08  Probe (Chrono Boost)  
  36  3:09  Void Ray (Chrono Boost)  
  36  3:12  Probe (Chrono Boost)  
  42  3:16  Pylon  
  42  3:17  Probe  
  43  3:24  Probe  
  44  3:29  Probe  
  45  3:36  Oracle (Chrono Boost)  
  48  3:41  Nexus  
  48  3:44  Pylon  
  48  3:47  Probe  
  49  3:48  Probe  
  50  3:59  Probe  
  50  4:01  Probe  
  50  4:02  Assimilator  
  52  4:09  Twilight Council, Forge  
  52  4:11  Probe  
  52  4:13  Probe  
  52  4:16  Pylon  
  54  4:24  Probe  
  55  4:25  Blink (Chrono Boost)  
  55  4:26  Gateway x2  
  55  4:27  Probe  
  56  4:33  Adept  
  56  4:36  Protoss Ground Weapons Level 1 (Chrono Boost), Probe  
  58  4:46  Gateway  
  58  4:47  Probe  
  58  4:48  Probe  
  60  4:53  Stalker  
  60  4:58  Shield Battery  
  62  5:08  Shield Battery, Gateway  
  62  5:17  Stalker  
  64  5:22  Photon Cannon  
  64  5:23  Stalker x2  
  64  5:26  Pylon  
  64  5:28  Shield Battery  
  68  5:32  Photon Cannon  
  68  5:40  Stalker x2  
  72  5:43  Photon Cannon  
  72  5:49  Stalker x2  
  75  6:00  Pylon  
  75  6:05  Stalker x2  
  75  6:06  Stalker, Photon Cannon  
  81  6:14  Stalker x2  
  81  6:15  Probe  
  86  6:19  Pylon  
  86  6:23  Shield Battery  
  84  6:31  Stalker  
  84  6:32  Stalker x2  
  84  6:40  Stalker x2  
  84  6:45  Photon Cannon  
  88  6:51  Probe x2 (Chrono Boost)  
  88  6:52  Probe (Chrono Boost)  
  90  6:55  Stalker x3  
  90  6:57  Robotics Facility  
  96  7:04  Probe x3 (Chrono Boost)  
  96  7:12  Probe (Chrono Boost), Zealot x2  
  95  7:18  Stalker x3  
  95  7:20  Pylon  
  94  7:25  Probe  
  89  7:34  Stalker x2  
  89  7:37  Probe  
  87  7:44  Stalker x2  
  81  7:46  Probe x2  
  81  7:49  Probe  
  78  7:56  Stalker  
  78  7:57  Stalker  
  78  7:58  Probe x2  
  81  8:01  Probe  
  81  8:09  Stalker x2  
  81  8:10  Probe x2, Shield Battery  
  85  8:14  Shield Battery  
  85  8:24  Stalker x2  
  85  8:25  Probe x2  
  91  8:35  Probe  
  91  8:40  Probe  
  91  8:41  Stalker x2  
  97  8:42  Probe  
  96  8:49  Stalker x2, Pylon  
  96  8:50  Probe  
  96  8:52  Probe  
  102  8:56  Probe  
  102  8:58  Assimilator  
  102  8:59  Assimilator  
  104  9:04  Stalker x2  
  104  9:05  Probe  
  104  9:09  Observer  
  107  9:21  Stalker x2  
  107  9:24  Shield Battery  
  107  9:25  Shield Battery x2  
  107  9:30  Stalker x2  
  111  9:33  Photon Cannon  
  111  9:34  Stalker  
  111  9:35  Photon Cannon, Pylon  
  113  9:42  Observer  
  113  9:44  Robotics Bay  
  113  9:47  Stalker, Assimilator  
  115  10:01  Stalker x4  
  116  10:21  Stalker  
  116  10:24  Gateway  
  116  10:26  Gateway  
  116  10:28  Gateway  
  118  10:30  Stalker x4  
  118  10:32  Pylon  
  118  10:33  Oracle  
  125  10:42  Pylon x2  
  125  10:49  Disruptor (Chrono Boost)  
  124  10:53  Stalker x2  
  124  10:54  Stalker  
  133  10:58  Pylon  
  133  11:00  Pylon  
  133  11:01  Stalker  
  133  11:02  Stalker  
  137  11:12  Oracle  
  140  11:19  Disruptor (Chrono Boost)  
  143  11:28  Stalker x3  
  143  11:29  Stalker x2  
  150  11:33  Pylon  
  150  11:34  Pylon  
  150  11:38  Stalker  
  152  11:44  Cybernetics Core  
  152  11:45  Disruptor (Chrono Boost)  
  152  11:53  Zealot x2  
  152  11:54  Zealot  
  161  12:10  Pylon  
  161  12:11  Zealot x2  
  163  12:23  Zealot  
  164  12:37  Stalker x4  
Show
View Real Time Build Order
Export as new Build Order

MeomaikA Zerg 

Build Orders: Pool First, Lurkers 

Get SALT Encoding   

  12  0:00  Drone  
  13  0:08  Drone  
  14  0:16  Overlord  
  14  0:24  Drone, Extractor  
  15  0:34  Drone x2  
  17  0:44  Spawning Pool  
  17  0:47  Drone  
  17  1:07  Hatchery  
  17  1:10  Drone  
  17  1:13  Extractor  
  17  1:15  Drone  
  17  1:22  Drone  
  18  1:31  Zergling x2  
  18  1:32  Queen  
  19  1:37  Drone  
  22  1:47  Overlord  
  22  2:05  Drone  
  22  2:08  Queen  
  23  2:10  Drone  
  23  2:13  Metabolic Boost  
  26  2:19  Drone  
  26  2:20  Drone  
  28  2:30  Drone  
  28  2:32  Drone  
  30  2:40  Drone x3  
  30  2:43  Drone x2  
  34  2:52  Hatchery  
  34  2:55  Overlord  
  34  2:58  Zergling x2  
  34  3:02  Drone  
  35  3:08  Lair  
  35  3:13  Extractor  
  35  3:15  Drone x3  
  35  3:17  Drone  
  35  3:18  Drone  
  39  3:20  Drone  
  39  3:22  Drone  
  39  3:24  Drone  
  42  3:28  Overlord  
  42  3:29  Drone  
  43  3:36  Spore Crawler  
  43  3:37  Spore Crawler  
  43  3:38  Drone  
  43  3:39  Drone  
  43  3:44  Overlord  
  43  3:48  Drone x2  
  45  3:52  Zergling x4  
  45  3:53  Zergling x2  
  45  3:55  Zergling x2  
  49  3:57  Zergling x2  
  49  4:01  Overlord  
  50  4:06  Hydralisk Den  
  50  4:08  Queen  
  51  4:13  Zergling x6  
  51  4:16  Drone x2  
  56  4:18  Overlord  
  56  4:21  Drone  
  56  4:22  Drone  
  58  4:28  Overlord  
  55  4:40  Hydralisk x3  
  55  4:41  Muscular Augments  
  55  4:42  Hydralisk  
  62  4:46  Drone x2  
  62  4:47  Drone  
  62  4:49  Drone  
  62  4:52  Hydralisk  
  66  4:55  Hydralisk  
  66  4:59  Hydralisk  
  72  5:03  Drone x2  
  72  5:04  Drone, Extractor  
  72  5:06  Hydralisk  
  76  5:13  Zergling x2  
  77  5:17  Hydralisk  
  77  5:18  Zergling x6  
  77  5:21  Overlord  
  81  5:22  Overlord  
  81  5:31  Overlord  
  81  5:40  Zergling x2  
  81  5:41  Zergling x14  
  81  5:42  Zergling x2  
  90  5:44  Hydralisk  
  92  5:51  Zergling x4, Hydralisk  
  92  5:52  Grooved Spines, Hydralisk  
  98  5:57  Hydralisk  
  98  6:02  Zergling x6  
  98  6:03  Zergling x2  
  104  6:05  Zergling x2  
  104  6:06  Zergling x2  
  104  6:08  Overlord  
  105  6:13  Zergling x2  
  105  6:15  Zergling x2  
  105  6:17  Overlord, Zergling x2  
  100  6:26  Hydralisk x3  
  100  6:27  Hydralisk  
  100  6:29  Hydralisk  
  100  6:33  Zergling x6  
  100  6:35  Zergling x2  
  100  6:36  Zergling x2  
  100  6:38  Zergling x2  
  100  6:39  Zergling x2  
  103  6:41  Zergling x2  
  103  6:42  Zergling x2  
  103  6:45  Zergling x2  
  104  6:50  Zergling x4  
  104  6:52  Hydralisk  
  105  6:57  Hydralisk  
  107  7:02  Hydralisk  
  107  7:03  Hydralisk  
  107  7:04  Zergling x6  
  107  7:06  Zergling x2, Hydralisk  
  110  7:17  Zergling x4  
  110  7:18  Zergling x6  
  110  7:19  Zergling x2  
  110  7:20  Hydralisk  
  111  7:23  Zergling x2  
  111  7:27  Zergling x2  
  103  7:33  Zergling x2  
  103  7:34  Zergling x2  
  103  7:35  Zergling x4  
  103  7:36  Zergling x4  
  96  7:37  Zergling x4  
  96  7:40  Zergling x2  
  96  7:43  Zergling x2  
  91  7:45  Hydralisk  
  91  7:50  Hydralisk  
  86  7:54  Zergling x2  
  86  7:55  Zergling x2  
  82  8:02  Zergling x2  
  82  8:05  Zergling x2  
  81  8:07  Zergling x2  
  81  8:08  Hatchery  
  81  8:12  Hydralisk  
  80  8:15  Lurker Den, Hydralisk x2  
  80  8:16  Hydralisk x2  
  80  8:17  Zergling x2  
  80  8:19  Zergling x2  
  87  8:20  Zergling x2  
  87  8:22  Zergling x2  
  87  8:25  Hydralisk  
  89  8:30  Zergling x4  
  89  8:33  Zergling x4  
  92  8:35  Zergling x2  
  92  8:36  Zergling x2  
  92  8:38  Zergling x2  
  92  8:40  Zergling x2  
  93  8:44  Zergling x2  
  93  8:45  Zergling x2  
  93  8:46  Zergling x4  
  93  8:47  Zergling x2  
  96  8:50  Zergling x4  
  96  8:51  Zergling x2  
  96  8:53  Zergling x2  
  97  8:55  Zergling x2  
  97  8:56  Zergling x2  
  97  8:59  Zergling x2  
  97  9:02  Overlord  
  100  9:04  Overlord  
  100  9:08  Overlord  
  93  9:29  Lurker x5  
  93  9:30  Zergling x2  
  93  9:31  Zergling x14  
  106  9:34  Overlord  
  106  9:37  Overlord  
  106  9:45  Overlord  
  103  9:53  Hydralisk x3  
  103  9:54  Hydralisk  
  103  9:55  Zergling x4  
  103  9:59  Hydralisk  
  106  10:00  Zergling x2  
  106  10:01  Zergling x2  
  106  10:06  Hydralisk  
  106  10:07  Hydralisk  
  106  10:09  Zergling x2  
  106  10:11  Zergling x4  
  105  10:14  Hydralisk  
  105  10:18  Zergling x2  
  105  10:19  Zergling x2  
  105  10:21  Zergling x2  
  105  10:22  Drone  
  105  10:23  Drone  
  105  10:25  Lurker  
  105  10:26  Drone  
  105  10:27  Drone  
  106  10:28  Drone  
  106  10:30  Drone  
  106  10:31  Overseer  
  106  10:33  Drone  
  106  10:35  Drone  
  107  10:37  Drone  
  107  10:38  Zergling x2  
  107  10:39  Drone  
  108  10:48  Overseer  
  108  10:49  Overseer  
  108  10:50  Zergling x2  
  108  10:51  Zergling x8  
  108  10:52  Zergling x2  
  108  10:53  Zergling x2  
  108  10:54  Zergling x2  
  113  10:57  Zergling x4  
  113  10:58  Zergling x2  
  113  11:00  Lurker  
  117  11:07  Zergling x4  
  117  11:08  Zergling x6  
  117  11:09  Zergling x2  
  121  11:12  Zergling x2  
  121  11:15  Zergling x2  
  121  11:17  Zergling x2  
  121  11:18  Zergling x4  
  121  11:21  Zergling x2  
  121  11:23  Lurker x2  
  121  11:24  Zergling x2  
  121  11:26  Zergling x2  
  121  11:28  Zergling x4  
  121  11:29  Zergling x4  
  121  11:34  Extractor, Lurker  
  121  11:38  Zergling x2  
  121  11:40  Zergling x2  
  121  11:43  Zergling x4  
  121  11:46  Zergling x2  
  120  11:51  Hydralisk x2  
  114  11:56  Hydralisk  
  114  12:01  Hydralisk, Hatchery  
  111  12:02  Zergling x2  
  111  12:04  Zergling x2  
  111  12:06  Zergling x2  
  111  12:08  Zergling x4, Hatchery  
  114  12:10  Zergling x2  
  114  12:13  Zergling x4  
  108  12:16  Hydralisk  
  108  12:17  Zergling x2  
  108  12:20  Zergling x2  
  108  12:22  Hydralisk  

Tags
 
Add a new tag
Caveats
  • Supply blocks, unpowered buildings, or Contaminate may cause inaccurate times.
  • Supply counts are checked every 10 seconds.